cohdb
Replays
Latest Replays
All Replays
Popular Replays
Top Player Replays
Match Explorer
How It Works
Community
CoH3 Stats
Reddit
Sign in to upload your games and track your stats! →
Sign in with Steam
Match 41121606
Unlisted
Match 41121606
Overview
Messages
Build Orders
End
Kettenkrad Recon Vehicle
Construct Infanterie Kompanie
Selects Terror Battlegroup
Grenadier Squad
MG 42 Machine Gun Team
Grenadier Squad
Construct Panzergrenadier Kompanie
Medical Bunker
251 Medium Carrier
Panzergrenadier Squad
Pak 40 Anti-tank Gun Team
Selects Machine Gun Camouflage
Selects Contempt for the Weak
Medical Bunker
Construct Panzer Kompanie
Medical Bunker
Repair Bunker
Panzer IV Medium Tank
Selects Propaganda Leaflet Drop
MG 42 Bunker
Forward Retreat Point
Stoßtruppen Squad
Repair Bunker
Selects V1 Rocket Strike
Kettenkrad Recon Vehicle
Side Skirts
Panzer Officer Quarters
V1 Rocket Strike
Propaganda Leaflet Drop
Panzergrenadier Officer Quarters
DungeonMaster
Daedalus
Bput
Rob
J26
Arthyom
Batemanis
AHNSHI
0
0
Comments
sign in to comment!
No comments posted yet!